 Dungeon Crawl Stone Soup version 0.30-a0-847-g17996783a1 (webtiles) character file.

Game seed: 2806352399569288933

6702 Newt the Skirmisher (level 11, -5/61 HPs)
             Began as a Kobold Hunter on Mar 3, 2023.
             Was a Follower of Hepliaklqana.
             Slain by an enormous slime creature (54 damage)
             ... on level 8 of the Dungeon.
             The game lasted 00:11:13 (8559 turns).

Newt the Skirmisher (Kobold Hunter)                 Turns: 8559, Time: 00:11:14

Health: -5/61      AC: 19    Str:  9    XL:     11   Next: 23%
Magic:  22/22      EV:  8    Int:  6    God:    Hepliaklqana [*.....]
Gold:   1227       SH:  5    Dex: 28    Spells: 10/10 levels left

rFire   . . .      SeeInvis .    B - +3 greatsling "Punk" {acid, rCorr}
rCold   + + .      Faith    .    (no shield)
rNeg    + + +      Spirit   .    L - +5 chain mail of Incorporation {Will- rCorr Int-5 Slay+4}
rPois   .          Reflect  +    (no helmet)
rElec   .          Rampage  .    (no cloak)
rCorr   +                        z - +0 pair of gloves
Will    .....                    O - +2 pair of boots {Fly}
Stlth   +                        v - amulet "Tusoel" {Reflect *Slow rC++ rN+++ MP+9 SH+5}
HPRegen 0.30/turn                l - +6 ring of dexterity
MPRegen 0.18/turn                (no ring)

@: flying, studying Throwing
A: reduced essence, small, no large weapons, nightstalker 3
a: Renounce Religion, Recall Ancestor, Ancestor Identity


You were on level 8 of the Dungeon.
You worshipped Hepliaklqana.
Hepliaklqana was aware of your devotion.
You visited 2 branches of the dungeon, and saw 9 of its levels.
You also visited: Sewer, Ossuary and Bailey.

You collected 1227 gold pieces.

Inventory:

Hand Weapons
 a - a +0 shortbow of freezing
 f - a +1 arbalest of electrocution
 r - a +0 whip of chaos
 B - the +3 greatsling "Punk" (weapon) {acid, rCorr}
   (You acquired it on level 5 of the Dungeon)

   rCorr:     It protects you from acid and corrosion.
Missiles
 s - a boomerang of dispersal
Armour
 c - a +1 leather armour
 e - a +0 pair of boots
 w - the +0 robe "Bomamir" {Rampage Int-3 Dex+2}
   (You found it on level 4 of the Dungeon)

   Int:       It affects your intelligence (-3).
   Dex:       It affects your dexterity (+2).
   Rampage:   It bestows one free step when moving towards enemies.
 z - a +0 pair of gloves (worn)
 L - the +5 chain mail of Incorporation (worn) {Will- rCorr Int-5 Slay+4}
   (You found it in a bailey)

   Int:       It affects your intelligence (-5).
   Slay:      It affects your accuracy & damage with ranged weapons and melee
   (+4).
   rCorr:     It protects you from acid and corrosion.
   Will:      It decreases your willpower.
 N - a +4 troll leather armour
 O - a +2 pair of boots of flying (worn)
 P - a +3 leather armour of cold resistance
Jewellery
 l - a +6 ring of dexterity (left hand)
 q - an amulet of faith
 v - the amulet "Tusoel" (around neck) {Reflect *Slow rC++ rN+++ MP+9 SH+5}
   (You acquired it in a sewer)

   [amulet of reflection]

   It reflects blocked missile attacks.
   rC:        It greatly protects you from cold.
   rN:        It renders you almost immune to negative energy.
   MP:        It affects your magic capacity (+9).
   *Slow:     It may slow you when you take damage.
   SH:        It affects your SH (+5).
Wands
 A - a wand of flame (26)
Scrolls
 b - 2 scrolls of immolation
 d - 8 scrolls of teleportation
 m - a scroll of silence {unknown}
 n - a scroll of poison {unknown}
 p - a scroll of amnesia {unknown}
 t - 2 scrolls of enchant weapon {unknown}
 u - a scroll of butterflies {unknown}
 y - a scroll of blinking {unknown}
 C - a scroll of vulnerability {unknown}
 G - a scroll of fog
 H - 3 scrolls of brand weapon
 I - a scroll of torment {unknown}
 Q - a scroll of magic mapping
Potions
 g - 3 potions of might
 h - 3 potions of curing
 i - a potion of degeneration
 j - 4 potions of berserk rage
 k - 2 potions of haste {unknown}
 o - 5 potions of brilliance
 x - 3 potions of flight
 D - 2 potions of mutation
 E - 2 potions of heal wounds
 F - 2 potions of cancellation {unknown}
 J - 2 potions of magic {unknown}
 K - 2 potions of experience {unknown}
 M - 3 potions of lignification {unknown}
 R - a potion of resistance {unknown}


   Skills:
 - Level 8.0 Fighting
 - Level 14.0 Ranged Weapons
 - Level 6.0 Armour
 - Level 5.0 Dodging
 - Level 1.3 Stealth
 + Level 3.1 Invocations
 - Level 8.0 Evocations


You had 10 spell levels left.
You didn't know any spells.
Your spell library contained the following spells:

 Spells                   Type           Power      Damage    Failure   Level
 Freeze                   Ice            0%         1d3       100%        1
 Sublimation of Blood     Necr           0%         N/A       100%        2
 Frozen Ramparts          Ice            0%         1d1       100%        3
 Hailstorm                Conj/Ice       0%         3d3       100%        3
 Ignite Poison            Fire/Tmut/Pois 0%         N/A       100%        3
 Petrify                  Tmut/Erth      0%         N/A       100%        4
 Sticky Flame             Conj/Fire      0%         2d3       100%        4
 Irradiate                Conj/Tmut      0%         3d11      100%        5
 Ignition                 Fire           0%         3d3       100%        8


Dungeon Overview and Level Annotations

Branches:
Dungeon (8/15)             Temple (1/1) D:6            Lair (0/5) D:8
  Sewer (visited)         Ossuary (visited)          Bailey (visited)

Altars:
Cheibriados
Dithmenos
Gozag
Hepliaklqana
Kikubaaqudgha
Makhleb
Nemelex Xobeh
Okawaru
Qazlal
Ru
Sif Muna
Trog
Uskayaw
Vehumet
Xom
Yredelemnul
Zin
The Shining One
Lugonu

Shops:
D:2 =


Innate Abilities, Weirdness & Mutations

Your life essence is reduced to manifest your ancestor. (-10% HP)
You are small and have problems with some larger weapons.
You are completely attuned to the shadows.


Message History

The enormous slime creature is no longer covered in acid.
There is an open door here.
As you close the door, it creaks loudly!
You start waiting.
Lucia emerges from the mists of memory!
A slime creature comes into view.
You shoot a sling bullet.
The sling bullet hits the slime creature!
The slime creature is splashed with acid.
The slime creature is moderately wounded.
You shoot a sling bullet.
The sling bullet hits the slime creature!
The slime creature is splashed with acid!
The acid corrodes the slime creature!
The slime creature is severely wounded.
Two slime creatures merge to form a large slime creature.
You shoot a sling bullet.
The sling bullet hits the large slime creature!
The large slime creature is splashed with acid.
The large slime creature seems to be corroded for longer.
The large slime creature is heavily wounded.
Lucia hits the large slime creature!
You shoot a sling bullet.
The sling bullet hits the large slime creature!
The large slime creature is splashed with acid.
The large slime creature seems to be corroded for longer.
The large slime creature is severely wounded.
Two slime creatures merge to form a very large slime creature.
Lucia hits the very large slime creature.
Two slime creatures merge to form an enormous slime creature.
Lucia hits the enormous slime creature.
The enormous slime creature attacks as you move away!
You block the enormous slime creature's attack.
Lucia hits the enormous slime creature!
The enormous slime creature attacks as you move away!
The enormous slime creature hits you!
The enormous slime creature attacks as you move away!
The enormous slime creature hits you!!!
Ouch! That really hurt!
You die...

...+......#............... #.
...#......####.~~~≈~~~.+##+#####.
...#####..J.##.~#####~..#........
.......#....+..~#..)#~..#........
....<..#....#..~#.∩.)~..#........
###....#....#..~#...#~..#........
#....#....#..~#####≈..'.......#
###.##....##.~~≈≈≈~~..#......>#
+#####.J.RJ@......#######'##
#..........)## #......
#...........# #....##
#...........# #....##
+...........# #......
...........# #......
..........######.#..#
#########.....####### #.....#


You could see the friendly Lucia the ancestor, an enormous slime creature
(corroded, ally target) and a slime creature.

Vanquished Creatures
  A manticore (D:6)
  An orc knight (Bailey)
  Maggie (D:6)
  A troll (D:6)
  Grinder (D:6)
  6 yaks (D:8)
  Menkaure (D:7)
  A water moccasin (D:6)
  9 orc warriors
  A black bear (D:6)
  2 ogres
  2 ice beasts
  A centaur (D:5)
  2 phantoms
  A kobold brigand (Sewer)
  A bullfrog (D:7)
  A necrophage (Sewer)
  4 scorpions
  10 wights
  A howler monkey (D:7)
  3 electric eels (D:6)
  6 hounds
  An orc priest (D:7)
  6 jellies
  A gnoll bouda (D:7)
  An iron imp (D:6)
  2 iguanas (D:6)
  Terence (D:2)
  A sleepcap (D:3)
  7 orc wizards
  5 hell rats (D:7)
  3 mummies (Ossuary)
  6 gnolls
  10 adders
  6 river rats (D:7)
  3 shadow imps
  3 white imps
  3 ufetubi
  An adder zombie (Ossuary)
  2 worms
  A dart slug (D:1)
  27 orcs
  A bat zombie (Sewer)
  11 endoplasms
  6 giant cockroaches
  15 goblins
  8 hobgoblins
  12 quokkas
  9 ball pythons
  4 bats
  5 frilled lizards
  2 giant cockroach zombies (Sewer)
  3 goblin zombies (Ossuary)
  4 hobgoblin zombies (Ossuary)
  28 kobolds
  6 kobold zombies
  An orc zombie (Ossuary)
  3 quokka zombies (Ossuary)
  19 rats
  3 rat zombies (Ossuary)
287 creatures vanquished.

Vanquished Creatures (collateral kills)
  Psyche (D:8)
  A goblin (D:8)
  A kobold (Bailey)
3 creatures vanquished.

Vanquished Creatures (others)
  3 ancestors
3 creatures vanquished.

Grand Total: 293 creatures vanquished

Notes
Turn   | Place    | Note
-------+----------+-------------------------------------------
     0 | D:1      | Newt the Kobold Hunter began the quest for the Orb.
     0 | D:1      | Reached XP level 1. HP: 12/12 MP: 1/1
   175 | D:1      | Reached XP level 2. HP: 14/18 MP: 2/2
   707 | D:1      | Reached XP level 3. HP: 8/23 MP: 3/3
  1108 | D:2      | Found a faded altar of an unknown god.
  1273 | D:2      | Found a burning altar of Makhleb.
  1410 | D:2      | Noticed Terence
  1421 | D:2      | Killed Terence
  1422 | D:2      | Reached XP level 4. HP: 26/30 MP: 4/4
  1650 | D:2      | Reached skill level 5 in Fighting
  1657 | D:2      | Reached XP level 5. HP: 20/35 MP: 5/5
  1664 | D:2      | Reached skill level 6 in Ranged Weapons
  2007 | D:2      | Identified a scroll of acquirement
  2007 | D:2      | Acquired a +1 arbalest of electrocution
  2161 | D:2      | Found Nitsiad's Jewellery Boutique.
  2367 | D:3      | Found a sparkling altar of Nemelex Xobeh.
  2463 | D:3      | Reached skill level 7 in Ranged Weapons
  2463 | D:3      | Reached XP level 6. HP: 40/40 MP: 6/6
  2644 | D:3      | Noticed an ogre
  2645 | D:3      | Killed an ogre
  2646 | D:3      | Reached skill level 8 in Ranged Weapons
  2708 | D:3      | Reached XP level 7. HP: 44/44 MP: 7/7
  2807 | D:3      | Found a large runed translucent door.
  2807 | D:3      | Found a large runed translucent door.
  3088 | D:3      | Found a shimmering blue altar of Sif Muna.
  3207 | D:3      | Found a shimmering altar of Xom.
  3413 | D:4      | Reached skill level 9 in Ranged Weapons
  3538 | D:4      | Identified the +0 robe "Bomamir" {Rampage Int-3 Dex+2}
  4024 | D:5      | Entered Level 5 of the Dungeon
  4142 | D:5      | Found an ancient bone altar of Kikubaaqudgha.
  4148 | D:5      | Reached skill level 10 in Ranged Weapons
  4201 | D:5      | Acquired the +3 greatsling "Punk" {acid, rCorr}
  4201 | D:5      | Found the +3 greatsling "Punk" {acid, rCorr}
  4490 | D:5      | Reached XP level 8. HP: 49/49 MP: 8/8
  4500 | D:5      | Reached skill level 5 in Dodging
  4721 | D:5      | Reached skill level 11 in Ranged Weapons
  5173 | D:6      | Reached skill level 12 in Ranged Weapons
  5209 | D:6      | Found a sand-covered staircase.
  5215 | Ossuary  | Entered an ossuary
  5218 | Ossuary  | Reached XP level 9. HP: 49/54 MP: 9/9
  5372 | D:6      | Reached skill level 13 in Ranged Weapons
  5399 | D:6      | Found a glowing drain.
  5410 | Sewer    | Entered a sewer
  5524 | Sewer    | Found an ancient bone altar of Kikubaaqudgha.
  5677 | Sewer    | Acquired the amulet "Tusoel" {Reflect *Slow rC++ rN+++ MP+9
                  | SH+5}
  5808 | D:6      | Found a staircase to the Ecumenical Temple.
  5809 | D:6      | Noticed Maggie
  5825 | D:6      | Reached skill level 14 in Ranged Weapons
  5827 | D:6      | Killed Maggie
  5839 | Temple   | Entered the Ecumenical Temple
  5965 | Temple   | Became a worshipper of Hepliaklqana the Forgotten
  6265 | D:6      | Noticed a troll
  6265 | D:6      | Noticed a manticore
  6269 | D:6      | Killed a troll
  6389 | D:6      | Killed a manticore
  6390 | D:6      | Reached XP level 10. HP: 60/64 MP: 10/10
  6481 | D:6      | Found a stormy altar of Qazlal.
  6526 | D:6      | Found a glowing golden altar of the Shining One.
  6560 | D:6      | Reached skill level 5 in Evocations
  6678 | D:6      | Noticed Grinder
  6681 | D:6      | Killed Grinder
  6713 | D:6      | Found a snail-covered altar of Cheibriados.
  6808 | D:7      | Noticed Menkaure
  6812 | D:7      | Killed Menkaure
  7174 | D:7      | Reached skill level 1 in Armour
  7438 | D:8      | Reached * piety under Hepliaklqana
  7474 | D:8      | Noticed an angel
  7475 | D:8      | Found a shimmering altar of Xom.
  7479 | D:8      | Found a glowing silver altar of Zin.
  7525 | D:8      | Found a burning altar of Makhleb.
  7559 | D:8      | Found a staircase to the Lair.
  7588 | D:8      | Found a flagged portal.
  7597 | Bailey   | Entered a bailey
  7750 | Bailey   | Identified the +5 chain mail of Incorporation {Will- rCorr
                  | Int-5 Slay+4}
  7842 | Bailey   | Noticed an orc knight
  7858 | Bailey   | Killed an orc knight
  7863 | Bailey   | Reached XP level 11. HP: 33/61 MP: 11/11
  8093 | D:8      | Noticed Psyche
  8108 | D:8      | Killed Psyche
  8109 | D:8      | Reached skill level 5 in Armour
  8142 | D:8      | Reached skill level 1 in Invocations
  8559 | D:8      | Slain by an enormous slime creature

Illustrated notes

Levels and vault maps discovered:
D:1:      psy_arrival_terrarium, layout_basic
D:2:      layout_basic, ebering_ecumenical_altar_sacrificial, serial_shops,
          nicolae_lakefront_shop, basic_altar, uniq_terence
D:3:      due_chaos_kobolds, layout_basic,
          mainiacjoe_overflow_concentric_impassable, mainiacjoe_overflow_paths,
          minmay_vboxes
D:4:      layout_rooms, kennysheep_generic_room_3
D:5:      layout_basic, kiku_gazebo_garden_becter, kennysheep_minor_cross
D:6:      kennysheep_big_flooded_room, layout_cave_pools, chei_slow_surprise,
          tso_altar, mainiacjoe_overflow_alcove_2,
          minmay_temple_entry_statues_fountains, enter_ossuary_2,
          gup_sewer_entry_pipe, uniq_maggie, uniq_grinder
D:7:      lemuel_ratsnest, layout_rooms, uniq_menkaure
D:8:      layout_gridville, grunt_temple_overflow_order_and_chaos_1,
          lightli_temple_of_fire, dpeg_oklobed_lair, enter_bailey_3,
          kennysheep_generic_room_14, uniq_psyche
Temple:   kb_corrupted_temple

Skill      XL: |  1  2  3  4  5  6  7  8  9 10 11 |
---------------+----------------------------------+-----
Fighting       | 3 4 5 8 |  8.0
Ranged Weapons | 7 8 10 12 14 | 14.0
Dodging        | 4 5 |  5.0
Evocations     | 4 8 |  8.0
Armour         | 4 6 |  6.0
Invocations    | 3 |  3.1
Stealth        | |  1.3

Action                     |  1- 3 |  4- 6 |  7- 9 | 10-12 || total
---------------------------+-------+-------+-------+-------++-------
  Melee: Greatsling        |       |       |     2 |       ||     2
         Unarmed           |       |       |       |    13 ||    13
   Fire: Shortbow          |    84 |    36 |     2 |       ||   122
         Arbalest          |       |    45 |    42 |       ||    87
         Greatsling        |       |       |   177 |   205 ||   382
    Use: Scroll            |     4 |     2 |     5 |     9 ||    20
         Potion            |       |       |     2 |     3 ||     5
 Armour: Leather armour    |     8 |    19 |     5 |       ||    32
         Robe              |       |       |     8 |       ||     8
         Chain mail        |       |       |       |     7 ||     7
  Dodge: Dodged            |    25 |    30 |    47 |    23 ||   125
  Block: Other             |       |       |     4 |     9 ||    13
         Reflection        |       |       |     1 |     1 ||     2

Table legend: (Time is in decaauts)
 A = Elapsed time spent in this place.
 B = Non-inter-level travel time spent in this place.
 C = Inter-level travel time spent in this place.
 D = Time resting spent in this place.
 E = Time spent auto-exploring this place.
 F = Levels seen in this place.
 G = Mean time per level.
                   A        B        C        D        E       F      G
               +--------+--------+--------+--------+--------+-----+--------+
         Total |   8605 |   8244 |    361 |    688 |   6042 |  12 |  717.1 |
       Dungeon |   7488 |   7156 |    332 |    647 |   5315 |   8 |  936.0 |
        Temple |    140 |    111 |     29 |      0 |     98 |   1 |  140.0 |
         Sewer |    370 |    370 |      0 |      0 |    268 |   1 |  370.0 |
       Ossuary |    133 |    133 |      0 |      0 |     90 |   1 |  133.0 |
        Bailey |    472 |    472 |      0 |     41 |    270 |   1 |  472.0 |
               +--------+--------+--------+--------+--------+-----+--------+

Top non-repeatable levels by time:
     D:2: 1274 daAuts
     D:5: 1130 daAuts
     D:1: 1090 daAuts
     D:3: 1057 daAuts
     D:6: 953 daAuts
     D:4: 678 daAuts
     D:7: 658 daAuts
     D:8: 645 daAuts
  Bailey: 472 daAuts
   Sewer: 370 daAuts
  Temple: 140 daAuts
 Ossuary: 133 daAuts
